 Seeded DCSS version 0.29.1-15-g9cfb28693d (webtiles) character file.

Game seed: 12690910291003819321 (custom seed)

1241 Gelion the Covert (level 8, -8/49 HPs)
             Began as a Kobold Brigand on Apr 27, 2023.
             Was an Initiate of Dithmenos.
             Killed from afar by a steam dragon (16 damage)
             ... with a ball of steam
             ... on level 6 of the Dungeon.
             The game lasted 00:12:46 (7726 turns).

Gelion the Covert (Kobold Brigand)                  Turns: 7726, Time: 00:12:46

Health: -8/49      AC:  8    Str:  9    XL:     8   Next: 78%
Magic:  0/10       EV: 14    Int: 12    God:    Dithmenos [......]
Gold:   469        SH:  0    Dex: 18    Spells: 7/7 levels left

rFire   . . .      SeeInvis +   a - +2 dagger
rCold   . . .      Faith    .   (no shield)
rNeg    . . .      Spirit   +   j - +5 robe of Night {Dark Will+ SInv}
rPois   .          Reflect  .   (no helmet)
rElec   .          Harm     .   c - +0 cloak
rCorr   .          Rampage  .   (no gloves)
Will    +....                   (no boots)
Stlth   ++++++....              g - amulet of guardian spirit
HPRegen 0.16/turn               (no ring)
MPRegen 0.12/turn               (no ring)

@: about to teleport
A: small, no large weapons, nightstalker 3
a: Renounce Religion


You were on level 6 of the Dungeon.
You worshipped Dithmenos.
Dithmenos was noncommittal.
You visited 1 branch of the dungeon, and saw 6 of its levels.

You collected 469 gold pieces.

Inventory:

Hand Weapons
 a - a +2 dagger (weapon)
Missiles
 d - 18 poisoned darts (quivered)
 e - 4 curare-tipped darts
Armour
 c - a +0 cloak (worn)
 j - the +5 robe of Night (worn) {Dark Will+ SInv}
   (You found it on level 2 of the Dungeon)

   It shrouds the wearer in darkness, reducing the range at which they can see
   and be seen by others.
   SInv:      It lets you see invisible.
   Will:      It increases your willpower.
Jewellery
 g - an amulet of guardian spirit (around neck)
 k - a ring of wizardry
Wands
 p - a wand of light (8)
 r - a wand of polymorph (11)
 u - a wand of digging (6)
Scrolls
 b - a scroll of teleportation
 f - a scroll of identify {unknown}
 l - a scroll of amnesia {unknown}
 o - a scroll of brand weapon {unknown}
 q - 4 scrolls of blinking {unknown}
Potions
 h - 2 potions of curing {unknown}
 i - a potion of mutation {unknown}
 m - a potion of resistance {unknown}
 n - 2 potions of might {unknown}
 s - a potion of heal wounds {unknown}
 t - a potion of haste {unknown}


   Skills:
 + Level 5.0 Fighting
 * Level 8.2 Short Blades
 - Level 2.1 Throwing
 - Level 1.2 Dodging
 * Level 10.0 Stealth
 + Level 3.3 Invocations


You had 7 spell levels left.
You didn't know any spells.
Your spell library contained the following spells:

 Spells                   Type           Power      Damage    Failure   Level
 Apportation              Tloc           0%         N/A       32%         1
 Necrotise                Necr           0%         1d4       32%         1
 Summon Small Mammal      Summ           0%         N/A       32%         1
 Static Discharge         Conj/Air       0%         3-3/arc   45%         2
 Dispel Undead            Necr           0%         3d6       97%         4
 Sticky Flame             Conj/Fire      0%         2d3       97%         4
 Lightning Bolt           Conj/Air       0%         1d11      100%        5
 Maxwell's Capacitive Co  Air            0%         ∞         100%        8


Dungeon Overview and Level Annotations

Branches:
Dungeon (6/15)             Temple (0/1) D:6

Altars:
Dithmenos
Elyvilon
Gozag
Makhleb
Nemelex Xobeh
Sif Muna
Xom


Innate Abilities, Weirdness & Mutations

You are small and have problems with some larger weapons.
You are completely attuned to the shadows.


Message History

The steam dragon is moderately wounded.
The steam dragon bites you but does no damage.
The steam dragon claws you but does no damage.
You completely miss the steam dragon.
The steam dragon is moderately wounded.
You closely miss the steam dragon.
The steam dragon is moderately wounded.
The steam dragon misses you. The steam dragon closely misses you.
You hit the steam dragon but do no damage.
The steam dragon is moderately wounded.
The steam dragon closely misses you.
The steam dragon claws you but does no damage.
The steam dragon completely misses you.
The steam dragon claws you but does no damage.
You hit the steam dragon but do no damage.
The steam dragon is moderately wounded.
You hit the steam dragon but do no damage.
The steam dragon is moderately wounded.
The steam dragon misses you. The steam dragon closely misses you.
You hit the steam dragon but do no damage.
You punch the steam dragon, but do no damage.
The steam dragon is moderately wounded.
You hit the steam dragon but do no damage.
The steam dragon is moderately wounded.
The steam dragon breathes steam at you. The ball of steam misses you.
You hit the steam dragon.
The steam dragon is moderately wounded.
You are engulfed in a cloud of scalding steam.
* * * LOW HITPOINT WARNING * * *
The steam dragon bites you.
* * * LOW HITPOINT WARNING * * *
The steam dragon claws you but does no damage.
The steam dragon bites you but does no damage.
The steam dragon completely misses you.
As you read the scroll of teleportation, it crumbles to dust.
You feel strangely unstable. The steam dragon breathes steam at you.
The ball of steam hits you!!
You die...

#.#....#.##.........#
.........###.......##
.........# ##....<##
.####.#.## ##...##
###.#.# ##'##
.##...#.# #.#
.....##.### #.#
...D.##...# ##.##
.###@...#.# #...##
#..#.#.# #.....##
#..#.... ....>..##
....... ###.##... ##
####


You could see a steam dragon (catching breath).

Vanquished Creatures
  Menkaure (D:6)
  An ice beast (D:6)
  2 ogres (D:6)
  2 phantoms (D:5)
  A kobold brigand (D:6)
  A necrophage (D:4)
  A scorpion (D:4)
  A howler monkey (D:5)
  A jelly (D:6)
  2 hounds (D:6)
  2 orc priests
  2 orc wizards (D:5)
  2 iguanas
  The ghost of Verono the Scratcher, a weakling FeWn (D:4)
  7 adders
  3 gnolls
  A white imp (D:5)
  An ufetubus (D:5)
  6 worms
  3 dart slugs
  15 orcs
  8 ball pythons
  6 bats
  11 endoplasms
  A giant cockroach (D:4)
  4 goblins
  5 hobgoblins
  6 jackals (D:3)
  11 kobolds
  2 quokkas (D:1)
  A frilled lizard (D:1)
  6 rats
117 creatures vanquished.

Notes
Turn   | Place    | Note
-------+----------+-------------------------------------------
     0 | D:1      | Gelion the Kobold Brigand began the quest for the Orb.
     0 | D:1      | Reached XP level 1. HP: 12/12 MP: 1/1
   215 | D:1      | Reached XP level 2. HP: 18/18 MP: 2/2
   378 | D:1      | Reached XP level 3. HP: 22/22 MP: 3/3
   586 | D:1      | Reached skill level 6 in Stealth
   944 | D:2      | Found the +5 robe of Night {Dark Will+ SInv}
  1113 | D:2      | Found a faded altar of an unknown god.
  1153 | D:2      | Reached XP level 4. HP: 27/27 MP: 4/4
  1329 | D:2      | Reached XP level 5. HP: 32/32 MP: 5/5
  1460 | D:2      | You fall into a shaft and drop 2 floors!
  1659 | D:4      | Reached skill level 5 in Short Blades
  1659 | D:4      | Reached skill level 7 in Stealth
  1935 | D:4      | Reached XP level 6. HP: 32/37 MP: 6/6
  2112 | D:4      | Found a shimmering blue altar of Sif Muna.
  2225 | D:4      | Found a runed translucent door.
  2616 | D:2      | Found an opulent altar of Gozag.
  3235 | D:3      | Found a shadowy altar of Dithmenos.
  3237 | D:3      | Found a burning altar of Makhleb.
  3238 | D:3      | Found a white marble altar of Elyvilon.
  3250 | D:3      | Became a worshipper of Dithmenos the Shadowed
  4263 | D:4      | Found a sparkling altar of Nemelex Xobeh.
  4557 | D:4      | Noticed Verono's ghost (weakling FeWn)
  4566 | D:4      | Killed Verono's ghost
  4567 | D:4      | Reached skill level 1 in Invocations
  4599 | D:5      | Entered Level 5 of the Dungeon
  4642 | D:5      | Reached skill level 8 in Stealth
  4642 | D:5      | Reached XP level 7. HP: 42/42 MP: 7/7
  6228 | D:6      | Reached skill level 9 in Stealth
  6228 | D:6      | Reached XP level 8. HP: 22/48 MP: 5/9
  6504 | D:6      | Noticed Menkaure
  6522 | D:6      | Killed Menkaure
  6969 | D:6      | Found a staircase to the Ecumenical Temple.
  7141 | D:6      | Reached skill level 10 in Stealth
  7232 | D:6      | Found a shimmering altar of Xom.
  7298 | D:6      | Reached * piety under Dithmenos
  7299 | D:6      | Reached skill level 5 in Fighting
  7726 | D:6      | Killed from afar by a steam dragon

Illustrated notes

Levels and vault maps discovered:
D:1:      lemuel_arrival_lava_pool, layout_basic
D:2:      cheibrodos_pilgrimage, layout_basic, basic_altar,
          hellmonk_ecumenical_altar_arch_garden
D:3:      layout_loops_ring, chequers_temple_overflow_statue_of_worship,
          kennysheep_nondescript, minmay_crystal_water, nicolae_wormholes
D:4:      layout_gridville, nemelex_dance_club_becter, lemuel_round_altar,
          ebering_ghost_reflecting_pool
D:5:      layout_cave_pools
D:6:      layout_loops_corners, amcnicky_altar_gilded,
          minmay_temple_entry_junction, serial_shops, kennysheep_mini_moat,
          uniq_menkaure

Skill      XL: |  1  2  3  4  5  6  7  8 |
---------------+-------------------------+-----
Short Blades   | 3 4 5 6 7 8 |  8.2
Stealth        | 6 7 8 9 10 | 10.0
Fighting       | 3 4 5 |  5.0
Invocations    | 1 2 3 |  3.3
Throwing       | |  2.1
Dodging        | |  1.2

Action                   |  1- 3 |  4- 6 |  7- 9 || total
-------------------------+-------+-------+-------++-------
Melee: Dagger            |    53 |   209 |   281 ||   543
       Punch             |       |     2 |     6 ||     8
Throw: Dart              |       |       |     2 ||     2
  Use: Scroll            |       |     1 |     3 ||     4
       Potion            |       |       |     2 ||     2
 Stab: Sleeping          |    18 |    27 |     7 ||    52
       Distracted        |       |     1 |       ||     1
Armor: Robe              |    11 |    43 |    58 ||   112
Dodge: Dodged            |    30 |   109 |   139 ||   278
